 Dungeon Crawl Stone Soup version 0.31.0-11-ge490571c62 (webtiles) character file.

Game seed: 959558041145105750

695 firemarshallily the Trooper (level 7, -12/64 HPs)
             Began as a Minotaur Summoner on Feb 9, 2024.
             Was an Initiate of the Shining One.
             Mangled by Duvessa
             ... wielding a +4 vampiric rapier
              (15 damage)
             ... on level 5 of the Dungeon.
             The game lasted 00:17:09 (5269 turns).

firemarshallily the Trooper (Minotaur Summoner)     Turns: 5269, Time: 00:17:10

Health: -12/64     AC: 11    Str: 13    XL:     7   Next: 37%
Magic:  8/8        EV: 10    Int: 16    God:    the Shining One [......]
Gold:   84         SH:  0    Dex: 10    Spells: 7/8 levels left

rFire   + . .        w - +0 flail
rCold   . . .        (no shield)
rNeg    + . .        j - +3 ring mail {rF+}
rPois   .            (helmet restricted)
rElec   .            h - +0 cloak
rCorr   .            (no gloves)
SInv    .            l - +0 pair of boots
Will    .....        (no amulet)
Stlth   +            i - ring of positive energy
HPRegen 0.30/turn    (no ring)
MPRegen 0.11/turn

%: no passive effects
@: about to teleport, hasted, glowing, very quick
A: horns 2, retaliatory headbutt, fangs 1, clever 1
a: Renounce Religion


You were on level 5 of the Dungeon.
You worshipped the Shining One.
The Shining One was noncommittal.
You visited 1 branch of the dungeon, and saw 5 of its levels.

You collected 176 gold pieces.
You spent 92 gold pieces at shops.

Inventory:

Hand Weapons
 d - a +0 spear
 t - a +0 club
 w - a +0 flail (weapon)
Missiles
 a - 6 stones (quivered)
 c - 4 poisoned darts
 e - 5 javelins
Armour
 h - a +0 cloak (worn)
 j - a +3 ring mail of fire resistance (worn)
 l - a +0 pair of boots (worn)
 n - a +0 plate armour
Jewellery
 i - a ring of positive energy (left hand)
 p - a ring of ice
Scrolls
 f - 2 scrolls of revelation
 k - 2 scrolls of immolation
 m - a scroll of poison
 q - 3 scrolls of teleportation
 r - a scroll of butterflies {unknown}
Potions
 b - a potion of magic
 s - a potion of brilliance
 u - 2 potions of might


   Skills:
 * Level 6.9 Fighting
 + Level 4.0 Maces & Flails
 + Level 4.7 Armour
 - Level 2.1 Dodging
 - Level 1.5 Stealth
 - Level 1.3 Spellcasting
 - Level 2.9 Summonings


You had 7 spell levels left.
You knew the following spells:

 Your Spells              Type           Power      Damage    Failure   Level
a - Summon Small Mammal   Summ           40%        N/A       13%         1

Your spell library contained the following spells:

 Spells                   Type           Power      Damage    Failure   Level
 Call Imp                 Summ           20%        N/A       21%         2
 Call Canine Familiar     Summ           10%        N/A       36%         3
 Gell's Gravitas          Tloc           1%         N/A       78%         3
 Teleport Other           Tloc           1%         N/A       78%         3
 Summon Blazeheart Golem  Fire/Summ      5%         N/A       93%         4
 Summon Lightning Spire   Summ/Air       5%         N/A       93%         4
 Dispersal                Tloc           0%         N/A       100%        6


Dungeon Overview and Level Annotations

Branches:
Dungeon (5/15)
 Temple: D:4-7

Altars:
Cheibriados
Makhleb
The Shining One

Shops:
D:2 *   D:3 *

Annotations:
D:5 Duvessa


Innate Abilities, Weirdness & Mutations

You have a pair of horns on your head.
You reflexively headbutt those who attack you in melee.
You have very sharp teeth.
Your mind is acute. (Int +4, Str/Dex -1)


Message History

Duvessa draws strength from your wounds!
You feel much better.
Duvessa hits you with a +4 vampiric rapier.
You barely miss Duvessa.
Duvessa is lightly wounded.
Duvessa hits you with a +4 vampiric rapier. x2
You hit Duvessa but do no damage.
Duvessa is lightly wounded.
Duvessa hits you with a +4 vampiric rapier!
Duvessa draws strength from your wounds!
Duvessa hits you with a +4 vampiric rapier.
It was a potion of haste.
You feel yourself speed up. Duvessa hits you but does no damage.
You hit Duvessa but do no damage. You bite Duvessa.
Duvessa is lightly wounded.
Duvessa closely misses you. You furiously retaliate!
You headbutt Duvessa. You hit Duvessa but do no damage.
Duvessa is lightly wounded.
Duvessa hits you with a +4 vampiric rapier!
* * * LOW HITPOINT WARNING * * *
Duvessa draws strength from your wounds!
Duvessa hits you with a +4 vampiric rapier.
* * * LOW HITPOINT WARNING * * *
Duvessa draws strength from your wounds!
Okay, then.
As you read the scroll labelled ICAELAG POETS, it crumbles to dust.
You feel aware of your surroundings.
You sensed 7 altars.
It was a scroll of revelation.
This is a scroll of acquirement!
Something appears at your feet! Duvessa barely misses you.
As you read the scroll labelled HINNUEKELE, it dissolves into smoke.
It was a scroll of fog.
Duvessa hits you with a +4 vampiric rapier.
* * * LOW HITPOINT WARNING * * *
Duvessa draws strength from your wounds!
Okay, then.
As you read the scroll of teleportation, it crumbles to dust.
You feel strangely unstable.
Duvessa hits you with a +4 vampiric rapier!
You die...

,*,,*#.........?..#....*,,,,**,,
**,,,.>............#....*,,*,,,,,
*,,**#.................#*,,*,,,,,
,*,,,......#.....#....##,,,**,,,,
,**,,#...)..........?...,,,***,,,
****,..##..#...§§§.....#,,.,,,,,,
**,,...^......§e§§.(.##*.#,.,,,*
*,,,,,.......<§@§§.(####.#..****
*,,,,*.....##.#§§§..##......*
*,,,,*....##...§§§...#.)..#**
*,,,,,#,..#.............#**
***,****.##......##....## ***
*#.......#..<#### #.......#.....#
#...#.#.......# **,***#...#..##


You could see Duvessa (berserk).

Vanquished Creatures
  A water moccasin (D:4)
  A black bear (D:4)
  A scorpion (D:4)
  Dowan (D:5)
  A bombardier beetle (D:4)
  An orc priest (D:4)
  3 iguanas
  5 orc wizards
  3 adders
  A shadow imp (D:4)
  A white imp (D:5)
  2 ufetubi (D:4)
  4 dart slugs
  2 ribbon worms
  7 orcs
  5 ball pythons
  8 bats
  6 endoplasms
  7 giant cockroaches
  4 goblins
  5 hobgoblins
  4 jackals (D:4)
  A kobold (D:4)
  2 quokkas (D:4)
  6 frilled lizards
  5 rats
87 creatures vanquished.

Vanquished Creatures (collateral kills)
  A rat (D:1)
1 creature vanquished.

Grand Total: 88 creatures vanquished

Notes
Turn   | Place    | Note
-------+----------+-------------------------------------------
     0 | D:1      | firemarshallily the Minotaur Summoner began the quest for
                  | the Orb.
     0 | D:1      | Reached XP level 1. HP: 14/14 MP: 1/1
    50 | D:1      | Reached skill level 1 in Fighting
    89 | D:1      | Reached skill level 1 in Armour
   219 | D:1      | Reached XP level 2. HP: 23/24 MP: 0/3
   442 | D:1      | Reached skill level 2 in Fighting
   680 | D:1      | Reached XP level 3. HP: 30/30 MP: 4/4
   837 | D:1      | Found a faded altar of an unknown god.
  1389 | D:2      | Reached skill level 3 in Fighting
  1471 | D:2      | Found Puutud's Assorted Antiques.
  1474 | D:2      | Bought an amethyst potion for 18 gold pieces
  1474 | D:2      | Bought an amethyst potion for 18 gold pieces
  1824 | D:2      | Bought a fuming blue potion for 18 gold pieces
  1824 | D:2      | Bought a scroll labelled TUFFEF WOPRARGH for 20 gold pieces
  1824 | D:2      | Bought a murky purple potion for 18 gold pieces
  2142 | D:3      | Reached XP level 4. HP: 34/38 MP: 5/5
  2216 | D:3      | Gained mutation: You have very sharp teeth. [potion of
                  | mutation]
  2216 | D:3      | Gained mutation: Your mind is acute. (Int +4, Str/Dex -1)
                  | [potion of mutation]
  2612 | D:3      | Reached skill level 1 in Maces & Flails
  2628 | D:3      | HP: 1/40 [something (2)]
  2633 | D:3      | Reached skill level 4 in Fighting
  2753 | D:4      | Reached XP level 5. HP: 22/47 MP: 6/6
  2927 | D:3      | Found Pificw's Assorted Antiques.
  2999 | D:3      | Found a snail-covered altar of Cheibriados.
  3773 | D:3      | Reached skill level 5 in Fighting
  3881 | D:4      | Reached XP level 6. HP: 44/56 MP: 7/7
  4181 | D:4      | Reached skill level 6 in Fighting
  4181 | D:4      | Found a burning altar of Makhleb.
  4350 | D:4      | Reached XP level 7. HP: 48/64 MP: 8/8
  4433 | D:4      | Found a glowing golden altar of the Shining One.
  4440 | D:4      | Became a worshipper of the Shining One
  4716 | D:5      | Entered Level 5 of the Dungeon
  4716 | D:5      | Noticed Duvessa
  4826 | D:5      | Noticed Dowan
  5257 | D:5      | Killed Dowan
  5267 | D:5      | Identified a scroll of acquirement
  5267 | D:5      | Acquired a +0 kite shield of poison resistance
  5268 | D:5      | HP: 3/64 [Duvessa/+4 vampiric rapier (5)]
  5269 | D:5      | Mangled by Duvessa

Illustrated notes

Levels and vault maps discovered:
D:1:      sevenhm_arrival_forest_fort_small_3, layout_basic,
          shapermc_ecumenical_altar_notcrosses, chequers_garden,
          corexii_item_surrounded_by_moat, nrook_mini_backslash,
          minmay_misc_feat_pillars
D:2:      layout_loops_ring, serial_shops, shop, serial_park_tiny_2,
          uniq_crazy_yiuf_cottage
D:3:      layout_basic, slow_altar_2, serial_shops, nicolae_shop_stone
D:4:      layout_loops_ring, tso_altar, mainiacjoe_overflow_cross_hatched,
          hex_tiny
D:5:      layout_cave_pools, gammafunk_temple_overflow_statue,
          chequers_temple_overflow_minitemple, uniq_duvessa, uniq_ijyb

Skill      XL: |  1  2  3  4  5  6  7 |
---------------+----------------------+-----
Fighting       | 1 2 3 4 5 6 |  6.9
Armour         | 1 2 3 4 |  4.7
Maces & Flails | 1 2 3 4 |  4.0
Dodging        | |  2.1
Stealth        | |  1.5
Spellcasting   | |  1.3
Summonings     | |  2.9

Action                     |  1- 3 |  4- 6 |  7- 9 || total
---------------------------+-------+-------+-------++-------
  Melee: Spear             |   228 |       |       ||   228
         Unarmed           |     5 |       |       ||     5
         Headbutt          |    55 |    25 |     4 ||    84
         Club              |    13 |   168 |       ||   181
         Bite              |       |    22 |     3 ||    25
         Flail             |       |    21 |    31 ||    52
         Punch             |       |       |     2 ||     2
  Throw: Javelin           |       |     5 |       ||     5
         Dart              |       |       |     4 ||     4
   Cast: Summon Small Mamm |     6 |    18 |       ||    24
    Use: Scroll            |     1 |     6 |     4 ||    11
         Potion            |       |     8 |     2 ||    10
   Stab: Sleeping          |     3 |       |       ||     3
 Armour: Robe              |    17 |       |       ||    17
         Ring mail         |    34 |   252 |    54 ||   340
  Dodge: Dodged            |    64 |   110 |    30 ||   204
